 Dungeon Crawl Stone Soup version 0.22-a0-618-gd6a3efe (webtiles) character file.

1554 Hebeh the Destroyer (level 8, -6/42 HPs)
             Began as a Deep Elf Fire Elementalist on July 13, 2018.
             Mangled by a water moccasin (10 damage)
             ... on level 7 of the Dungeon.
             The game lasted 00:36:22 (9652 turns).

Hebeh the Destroyer (Deep Elf Fire Elementalist)    Turns: 9652, Time: 00:36:23

Health: -6/42      AC:  9    Str:  3 (5)  XL:     8   Next: 57%
Magic:  16/21      EV: 13    Int: 20 (23) God:
Gold:   283        SH:  0    Dex: 14 (15) Spells: 4/22 levels left

rFire    . . .     SeeInvis .   b - +0 shortbow
rCold    . . .     Gourm    .   (shield currently unavailable)
rNeg     . . .     Faith    .   t - +1 robe {MR+}
rPois    .         Spirit   .   q - +0 helmet
rElec    .         Reflect  .   u - +0 cloak
rCorr    +         Harm     .   O - +2 pair of gloves
MR       +....                  m - +0 pair of boots
Stlth    ++........             (no amulet)
HPRegen  0.14/turn              G - ring of resist corrosion
MPRegen  0.17/turn              (no ring)

@: lethally poisoned (-6 -> -14)
A: no striking features
a: no special abilities


You were on level 7 of the Dungeon.
You were not hungry.

You visited 2 branches of the dungeon, and saw 8 of its levels.

You collected 283 gold pieces.

Inventory:

Hand Weapons
 a - a +2 falchion of protection
 b - a +0 shortbow (weapon)
 n - a +1 whip of holy wrath
 y - a +0 short sword of freezing
 H - a +0 spear
 J - a +0 hunting sling
Missiles
 d - 269 stones
 g - 92 arrows (quivered)
 h - 72 bolts
 E - 12 sling bullets
 K - a throwing net
Armour
 m - a +0 pair of boots (worn)
 q - a +0 helmet (worn)
 t - a +1 robe of magic resistance (worn)
 u - a +0 cloak (worn)
 O - a +2 pair of gloves (worn)
Jewellery
 G - a ring of resist corrosion (left hand)
Wands
 B - a wand of acid (6)
 M - a wand of random effects (30)
Scrolls
 e - 3 scrolls of teleportation {unknown}
 j - 4 scrolls of enchant armour {unknown}
 k - 4 scrolls of identify {unknown}
 r - 3 scrolls of fog {unknown}
 s - 2 scrolls of remove curse {unknown}
 w - a scroll of random uselessness {unknown}
 x - a scroll of enchant weapon {unknown}
 C - a scroll of fear {unknown}
 F - a scroll of acquirement {unknown}
 I - a scroll of immolation {unknown}
 N - a scroll of amnesia {unknown}
Potions
 f - a potion of heal wounds {unknown}
 i - a potion of degeneration
 l - a potion of curing {unknown}
 o - a potion of lignification {unknown}
 p - a potion of haste {unknown}
 v - a potion of resistance {unknown}
 z - a potion of berserk rage {unknown}
 A - a potion of brilliance {unknown}
 D - a potion of invisibility {unknown}
 L - a potion of ambrosia {unknown}
Comestibles
 c - 5 rations
 P - 3 chunks of flesh


   Skills:
 + Level 0.7 Fighting
 + Level 1.0 Bows
 + Level 2.8 Dodging
 - Level 2.4 Stealth
 * Level 7.5 Spellcasting
 * Level 8.1 Conjurations
 * Level 6.7 Fire Magic


You had 4 spell levels left.
You knew the following spells:

 Your Spells              Type           Power        Failure   Level  Hunger
a - Flame Tongue          Conj/Fire      #####        1%          1    None
b - Throw Flame           Conj/Fire      #####.       1%          2    None
c - Conjure Flame         Conj/Fire      #####...     1%          3    None
d - Fireball              Conj/Fire      #####.....   12%         5    #####..
e - Inner Flame           Hex/Fire       ###.....     7%          3    None
f - Sticky Flame          Conj/Fire      #####...     4%          4    ###....

Your spell library contained the following spells:

 Spells                   Type           Power        Failure   Level  Hunger


Dungeon Overview and Level Annotations

Branches:
Dungeon (7/15)             Temple (1/1) D:5

Altars:
Ashenzari
Cheibriados
Dithmenos
Elyvilon
Gozag
Makhleb
Nemelex Xobeh
Okawaru
Qazlal
Ru
Sif Muna
Trog
Wu Jian
Xom
Yredelemnul
Zin
The Shining One


Message History

You feel sick. The water moccasin bites you.
* * * LOW HITPOINT WARNING * * *
Casting: Flame Tongue (safe; 1% risk of failure)
Confirm with . or Enter, or press ? or * to list all spells.
Aiming: Flame Tongue (safe; 1% risk of failure)
Press: ? - help, Shift-Dir - straight line, f/p - water moccasin
Aim: a water moccasin (severely wounded)
The flame tongue hits the water moccasin.
The water moccasin appears unharmed.
The water moccasin is severely wounded.
* * * LOW HITPOINT WARNING * * *
You feel sick. The water moccasin barely misses you.
The water moccasin bites you.
* * * LOW HITPOINT WARNING * * *
It was a potion of degeneration.
There was something very wrong with that liquid.
You feel weakened.
You feel dopey.
You feel clumsy.
* * * LOW HITPOINT WARNING * * *
You feel sick. The water moccasin bites you!
You die...

###### ...... ######
########################
......S.#...........#...
#####@#.#########.#.##
#.....#.....#.....#...
#.#########.#.########
#...........#.........
######################


You could see a water moccasin.

Vanquished Creatures
  A sky beast (D:5)
  An orc warrior (D:7)
  An ogre (D:5)
  A phantom (D:5)
  A centaur (D:6)
  A bullfrog (D:6)
  2 scorpions
  A howler monkey (D:6)
  A bullfrog zombie (D:5)
  A crimson imp (D:6)
  A centaur zombie (D:5)
  2 bullfrog skeletons
  3 hounds
  Crazy Yiuf (D:3)
  A gnoll shaman (D:6)
  An orc wizard (D:5)
  3 iguanas
  Terence (D:3)
  Natasha (thrice) (D:3)
  4 worker ants
  A killer bee zombie (D:5)
  A hound zombie (D:6)
  Robin (D:2)
  7 adders
  7 gnolls
  A river rat (D:4)
  A shadow imp (D:6)
  An ooze (D:4)
  A worm (D:5)
  4 dart slugs
  5 leopard geckos
  11 orcs
  2 ball pythons
  8 bats
  7 giant cockroaches
  9 goblins
  6 hobgoblins
  7 jackals
  6 kobolds
  5 quokkas
  5 frilled lizards
  2 quokka zombies (D:5)
  5 rats
134 creatures vanquished.

Notes
Turn   | Place    | Note
-------+----------+-------------------------------------------
     0 | D:1      | Hebeh the Deep Elf Fire Elementalist began the quest for the Orb.
     0 | D:1      | Reached XP level 1. HP: 10/10 MP: 6/6
   232 | D:1      | Reached XP level 2. HP: 10/15 MP: 0/8
   503 | D:1      | Reached skill level 2 in Conjurations
  1467 | D:2      | Reached XP level 3. HP: 19/19 MP: 10/10
  2434 | D:2      | Noticed Robin
  2447 | D:2      | Killed Robin
  2447 | D:2      | Reached skill level 3 in Conjurations
  2460 | D:2      | Reached XP level 4. HP: 6/24 MP: 0/11
  2749 | D:2      | Learned a level 2 spell: Throw Flame
  2753 | D:2      | Learned a level 3 spell: Conjure Flame
  2757 | D:2      | Learned a level 3 spell: Inner Flame
  3342 | D:3      | Noticed Terence
  3349 | D:3      | Killed Terence
  3799 | D:3      | Noticed Natasha
  3804 | D:3      | Killed Natasha
  3804 | D:3      | Reached XP level 5. HP: 28/28 MP: 7/13
  3875 | D:3      | Reached skill level 4 in Conjurations
  4181 | D:3      | Found a glowing golden altar of the Shining One.
  4215 | D:3      | Noticed Natasha
  4222 | D:3      | Killed Natasha
  4331 | D:3      | Noticed Natasha
  4335 | D:3      | Killed Natasha
  4399 | D:3      | Found a runed door.
  4545 | D:3      | Noticed Crazy Yiuf
  4552 | D:3      | Killed Crazy Yiuf
  4552 | D:3      | Reached XP level 6. HP: 19/32 MP: 7/15
  4724 | D:4      | Reached skill level 5 in Spellcasting
  5077 | D:4      | Reached skill level 5 in Conjurations
  5323 | D:4      | Found a shadowy altar of Dithmenos.
  5397 | D:4      | Reached skill level 5 in Fire Magic
  5750 | D:5      | Entered Level 5 of the Dungeon
  6132 | D:5      | Found a staircase to the Ecumenical Temple.
  6142 | D:5      | Reached XP level 7. HP: 36/36 MP: 11/17
  6198 | Temple   | Entered the Ecumenical Temple
  6395 | D:5      | Reached skill level 6 in Conjurations
  7181 | D:5      | Reached skill level 7 in Conjurations
  7619 | D:5      | Reached XP level 8. HP: 41/41 MP: 15/20
  8531 | D:6      | Learned a level 5 spell: Fireball
  8536 | D:6      | Learned a level 4 spell: Sticky Flame
  8918 | D:6      | Reached skill level 8 in Conjurations
  9433 | D:7      | Reached skill level 1 in Bows
  9652 | D:7      | Mangled by a water moccasin

Vault maps used:
D:1:      dpeg_arrival_arbitrary_a
D:2:      uniq_robin
D:3:      first_ration, minmay_door_square, nicolae_tso_carved_into_rock,
          uniq_terence, uniq_crazy_yiuf_cottage, uniq_natasha
D:4:      nicolae_dithmenos_through_a_glass_darkly, gup_sewer_entry_bowl,
          corexii_hall_statues_l, serial_bayou_pond_e
D:5:      minmay_temple_entry_statues_fountains
D:7:      lemuel_round_altar, kennysheep_mini_moat, serial_shops, shop,
          roderic_serpentine_path
Temple:   lightli_temple_of_artemis

Skill      XL: |  1  2  3  4  5  6  7  8 |
---------------+-------------------------+-----
Conjurations   | 2 3 4 5 7 8 |  8.1
Spellcasting   | 4 5 6 7 |  7.5
Fire Magic     | 4 5 6 |  6.7
Bows           | 1 |  1.0
Fighting       | |  0.7
Dodging        | |  2.8
Stealth        | |  2.4

Action                   |  1- 3 |  4- 6 |  7- 9 || total
-------------------------+-------+-------+-------++-------
Melee: Club              |     7 |     9 |       ||    16
       Whip              |       |       |    20 ||    20
 Fire: Hunting sling     |    36 |    58 |    37 ||   131
       Shortbow          |       |       |    18 ||    18
Throw: Stone             |     7 |       |       ||     7
 Cast: Flame Tongue      |    57 |   110 |   136 ||   303
       Throw Flame       |       |     9 |     5 ||    14
       Conjure Flame     |       |       |     4 ||     4
       Inner Flame       |       |       |     4 ||     4
  Use: Potion            |       |       |     1 ||     1
  Eat: Chunk             |     4 |     8 |     4 ||    16
       Ration            |       |     1 |     2 ||     3
Armor: Robe              |    11 |    14 |    21 ||    46
Dodge: Dodged            |    39 |    47 |    56 ||   142

Table legend:
 A = Spawn XP
 B = Non-spawn XP
 C = Spawn XP percentage of total XP
 D = Spawn monster count
 E = Non-spawn monster count
 F = Spawn count percentage of total count
 G = Total turns spent on level
                    A         B        C        D         E        F      G
               +---------+---------+-------+---------+---------+-------+---------
         Total |       0 |    2220 |   0.0 |       0 |     134 |   0.0 |  9652
               +---------+---------+-------+---------+---------+-------+---------
           D:1 |       0 |      36 |   0.0 |       0 |      17 |   0.0 |  1404
           D:2 |       0 |      66 |   0.0 |       0 |      24 |   0.0 |  1590
           D:3 |       0 |     281 |   0.0 |       0 |      27 |   0.0 |  1719
           D:4 |       0 |     288 |   0.0 |       0 |      19 |   0.0 |  1037
           D:5 |       0 |     788 |   0.0 |       0 |      23 |   0.0 |  1997
           D:6 |       0 |     578 |   0.0 |       0 |      19 |   0.0 |  1443
           D:7 |       0 |     183 |   0.0 |       0 |       5 |   0.0 |   285
               +---------+---------+-------+---------+---------+-------+---------
